 Dungeon Crawl Stone Soup version 0.26.1-11-gd32895ea62 (webtiles) character file.

Game seed: 11825829223772340483

204 Tirrikindir the Ducker (level 5, -5/37 HPs)
             Began as an Octopode Fighter on June 1, 2021.
             Killed from afar by an orc wizard (12 damage)
             ... with a puff of frost
             ... on level 4 of the Dungeon.
             The game lasted 00:06:16 (2808 turns).

Tirrikindir the Ducker (Octopode Fighter)           Turns: 2808, Time: 00:06:17

Health: -5/37      AC:  1    Str: 15    XL:     5   Next: 82%
Magic:  5/5        EV: 12    Int: 11    God:
Gold:   235        SH: 10    Dex: 12    Spells: 4/4 levels left

rFire    . . .     SeeInvis .   a - +1 long sword
rCold    . . .     Faith    .   b - +1 kite shield
rNeg     . . .     Spirit   .   (helmet restricted)
rPois    .         Reflect  .   (no amulet)
rElec    .         Harm     .   (no ring)
rCorr    .         Rampage  .   (no ring)
Will     .....                  (no ring)
Stlth    +++.......             (no ring)
HPRegen  0.12/turn              (no ring)
MPRegen  0.09/turn              (no ring)
                                (no ring)
                                (no ring)

@: no status effects
A: almost no armour, stealthy swim, amphibious, 8 rings, constrict 8, camouflage
1, gelatinous body 1
a: no special abilities


You were on level 4 of the Dungeon.
You visited 1 branch of the dungeon, and saw 4 of its levels.

You collected 235 gold pieces.

Inventory:

Hand Weapons
 a - a +1 long sword (weapon)
Missiles
 g - 12 poisoned darts (quivered)
Armour
 b - a +1 kite shield (worn)
Wands
 l - a wand of random effects (18)
Scrolls
 h - 3 scrolls of teleportation
 o - a scroll of blinking
Potions
 c - 2 potions of might
 d - 3 potions of heal wounds
 e - 3 potions of flight
 f - a potion of brilliance
 i - 3 potions of curing
 j - a potion of haste
 k - a potion of resistance


   Skills:
 + Level 3.6 Fighting
 * Level 3.7 Long Blades
 + Level 3.7 Dodging
 + Level 2.8 Stealth
 + Level 3.6 Shields


You had 4 spell levels left.
You didn't know any spells.
Your spell library was empty.

Dungeon Overview and Level Annotations

Branches:
Dungeon (4/15)
 Temple: D:4-7

Altars:
Elyvilon
Trog


Innate Abilities, Weirdness & Mutations

You cannot wear most types of armour.
You are very stealthy in the water. (Stealth+)
You are amphibious.
You can wear up to eight rings at the same time.
You can use your tentacles to constrict eight enemies at once.
Your skin changes colour to match your surroundings (Stealth+).
Your rubbery body absorbs attacks. (AC +1, EV +1)


Message History

The gnoll is moderately wounded.
You constrict the gnoll.
You hear a shout!
The gnoll closely misses you. The orc completely misses you.
You hit the orc. Your grab misses the orc.
The orc is moderately wounded.
You constrict the gnoll. You block the gnoll's attack.
The orc closely misses you.
The orc wizard hits you with a +0 dagger.
* * * LOW HITPOINT WARNING * * *
You hit the gnoll.
You kill the gnoll!
The gnoll hits you.
* * * LOW HITPOINT WARNING * * *
You block the orc's attack.
You slash the orc wizard! Your grab misses the orc wizard.
The orc wizard is heavily wounded.
The orc wizard gestures at you while chanting.
The puff of frost hits you!
You die...

### .... .....
### ......####
...#
.(...oooo####...#
....o.##@##.o...#
...o.
#go(.#...##. #.##
#!.o<....... #
.$....).....##.
#...........#
#......!.......
############...
.. .


You could see an orc wizard, a gnoll and 5 orcs.

Vanquished Creatures
  A phantom (D:3)
  3 gnolls (D:4)
  3 adders
  A worm (D:3)
  3 dart slugs
  A leopard gecko (D:2)
  3 ball pythons
  2 giant cockroaches
  6 goblins
  2 hobgoblins
  3 kobolds
  3 quokkas
  8 bats
  6 frilled lizards
  9 rats
54 creatures vanquished.

Notes
Turn   | Place    | Note
-------+----------+-------------------------------------------
     0 | D:1      | Tirrikindir the Octopode Fighter began the quest for the
                  | Orb.
     0 | D:1      | Reached XP level 1. HP: 16/16 MP: 1/1
   364 | D:1      | Reached XP level 2. HP: 21/21 MP: 2/2
   551 | D:1      | Reached skill level 1 in Stealth
   850 | D:1      | Reached XP level 3. HP: 26/26 MP: 3/3
  1335 | D:2      | Reached XP level 4. HP: 29/31 MP: 4/4
  1896 | D:3      | Found a bloodstained altar of Trog.
  1896 | D:3      | Found a white marble altar of Elyvilon.
  2324 | D:3      | Noticed a phantom
  2370 | D:3      | Killed a phantom
  2371 | D:3      | Reached XP level 5. HP: 16/36 MP: 5/5
  2808 | D:4      | Killed from afar by an orc wizard

Illustrated notes

Levels and vault maps discovered:
D:1:      scummos_arrival_simple_fountains, layout_loops_cross
D:2:      layout_loops_ring, chequers_serial_rivers_small_a
D:3:      layout_loops_corners, gammafunk_temple_overflow_statue
D:4:      minmay_angry_zag, layout_rooms, minmay_temple_entry_glass

Skill      XL: |  1  2  3  4 |
---------------+-------------+-----
Stealth        | 1 2 |  2.8
Long Blades    | 3 |  3.7
Fighting       | |  3.6
Dodging        | |  3.7
Shields        | |  3.6

Action                   |  1- 3 |  4- 6 || total
-------------------------+-------+-------++-------
Melee: Long sword        |    58 |    61 ||   119
       Constrict         |    16 |    12 ||    28
       Tentacles         |     7 |     9 ||    16
Throw: Dart              |     1 |     1 ||     2
  Use: Scroll            |     7 |     5 ||    12
       Potion            |       |     2 ||     2
 Stab: Sleeping          |     7 |     5 ||    12
Armor: Skin              |     1 |     3 ||     4
Dodge: Dodged            |    24 |    34 ||    58
Block: Kite shield       |    16 |    26 ||    42
       Rpst.: Long sword |    10 |     5 ||    15
